[Event "*** Titled Tuesday 3|2 Blitz"]
[Site "Chess.com"]
[Date "2015.06.02"]
[Round "3"]
[White "HansCoolNiemann"]
[Black "GregShahade"]
[Result "1-0"]
[WhiteElo "1966"]
[BlackElo "2337"]
[TimeControl "180+2"]
[EndTime "11:36:21 PDT"]
[Termination "HansCoolNiemann won by resignation"]

1. d4 Nf6 2. c4 e6 3. Nf3 Bb4+ 4.
Bd2 Qe7 5. g3 Nc6 6. a3 Bxd2+ 7.
Qxd2 d6 8. Bg2 e5 9. d5 Nb8 10. Nc3 O-O 11. O-O a5 12. e4 Na6 13. Ne1 Nc5 14.
Qc2 a4 15. Nd3 Nb3 16. Rae1 Nd4 17. Qd2 Bg4 18. f3 Bd7 19. f4 c5 20. fxe5 dxe5 21.
Qg5 Nxd5 22. Qxe7 Nxe7 23. Nxe5 Be6 24. Nd5 Nec6 25. Nd3 Nb3 26. e5 Nca5 27. Nc7 Bxc4 28.
Nxa8 Rxa8 29. Rf3 Nd4 30. Nxc5 Nxf3+ 31. Bxf3 Rb8 32. Rc1 b5 33. Rd1 Rc8 34. Bg4 Ra8 35. Rd7 g6 36. e6 fxe6 37. Ne4 Rf8 38. Bh3 Bd5 39. Ng5 Re8 40. Nxh7 Rc8 41. Nf6+ Kf8 42. Rh7 Rc1+ 43. Kf2 Rc2+ 44. Ke3 Nc4+ 45. Kf4 Rf2+ 46.
Kg5 Ne5 47. Rh8+ Ke7 48. Rh7+ Kd6 49. Ne8+ Kc5 50. Rc7+ Kb6 51. Re7 Rxh2 52. Bxe6 Bc6 53. Bg8 Nf3+ 54. Kxg6 Rxb2 55. Nf6 Rg2 56. g4 Ra2 57. Bxa2 Nh4+ 58. Kg5 Nf3+ 59. Kf4 Nd4 60. Bd5 Bxd5 61. Nxd5+ Kc5 62. Nb4 Kd6 63. Re4 Nb3 64.
g5 Nc5 65. Rd4+ Ke6 66. g6 Kf6 67. Rd6+ Kg7 68. Ke5 Nb3 69. Kd5 Na5 70. Kc5 Nc4 71. Rd7+ Kxg6 72. Kxb5 Nxa3+ 73. Kxa4 Nc4 74. Kb5 Ne5 75.
Rd5 Nf3 76. Kc5 Kf6 77. Nc6 Ke6 78. Nd4+ 1-0

[Event "*** Titled Tuesday 3|2 Blitz"]
[Site "Chess.com"]
[Date "2015.06.02"]
[Round "3"]
[White "MrHenriksson"]
[Black "kesarev"]
[Result "1/2-1/2"]
[WhiteElo "2059"]
[BlackElo "2143"]
[TimeControl "180+2"]
[EndTime "11:36:42 PDT"]
[Termination "Game drawn - insufficient material"]

1. d4 g6 2. g3 Bg7 3. Bg2 Nf6 4. Nf3 O-O 5. O-O d6 6. c4 Nc6 7. Nc3 Rb8 8. Qc2 a6 9. Rd1 Na5 10. b3 b5 11. cxb5 axb5 12. Bb2 b4 13. Na4 Bf5 14. Qc1 Qd7 15. Nh4 Bh3 16. Qd2 Rb5 17. Rac1 Rc8 18. d5 Bxg2 19. Nxg2 Nxd5 20. Bxg7 Kxg7 21. e4 Nf6 22. Qe2 Re5 23. f3 c5 24.
Nb6 Qc6 25. Nxc8 Qxc8 26. Ne3 Qb7 27. Qg2 Nc6 28. Nc4 Re6 29. Qf2 Qa6 30. Rd2 Nd4 31.
h4 Nb5 32. Re1 Nc3 33. e5 Nfd5 34. exd6 Rxe1+ 35. Qxe1 exd6 36. Ne3 Nxe3 37. Qxe3 Qc6 38. Kg2 h5 39. Qd3 d5 40. Qe3 Qd6 41. f4 Kh7 42.
Qe5 Qxe5 43. fxe5 Kg7 44. Kf3 Kf8 45. Kf4 Ke7 46. g4 hxg4 47. Kxg4 Ke6 48. Kf4 Nb5 49. Rh2 c4 50. bxc4 dxc4 51. h5 gxh5 52. Rxh5 c3 53. Ke4 Na3 54. Rh6+ Ke7 55. Kd3 Nb5 56. Rb6 Nc7 57. Rxb4 Ke6 58. Rc4 Nd5 59. Re4 Kf5 60. Re1 Ke6 61. Kc4 c2 62. Kb3 Ne3 63. Kb2 Ng2 64.
Rc1 Ne3 65. Re1 Ng2 66. Rg1 Ne3 67. a4 Kxe5 68. Re1 Kd4 69. a5 Nc4+ 70. Kxc2 Nxa5 71. Rf1 Nc6 72. Rxf7 Nb4+ 73. Kb3 Nd5 74. Rh7 Kd3 75. Rh3+ Kd4 76. Rh1 Ne3 77. Kb4 Nd5+ 78. Kb5 Nc3+ 79.
Kc6 Ne4 80. Rh3 Nc3 81. Rh4+ Ne4 82. Kb5 Kd5 83. Rh5+ Kd4 84. Rf5 Nd6+ 85. Kc6 Nxf5 1/2-1/2

[Event "*** Titled Tuesday 3|2 Blitz"]
[Site "Chess.com"]
[Date "2015.06.02"]
[Round "3"]
[White "Schemato"]
[Black "only_defence"]
[Result "1/2-1/2"]
[WhiteElo "2049"]
[BlackElo "1957"]
[TimeControl "180+2"]
[EndTime "11:36:44 PDT"]
[Termination "Game drawn by repetition"]

1. c4 Nf6 2. Nc3 e6 3. e4 e5 4. g3 Bc5 5. Bg2 d6 6. Nge2 a5 7. O-O O-O 8. h3 Nc6 9. d3 Be6 10. Be3 Nd7 11. Qd2 g6 12. Nd5 Bxe3 13. fxe3 Kg7 14.
Rf2 Bxd5 15. exd5 Ne7 16. Nc3 Nf5 17. g4 Nh4 18. Raf1 Qe7 19. Ne4 h6 20. Ng3 a4 21.
Be4 Qg5 22. Kh2 Nc5 23. Qe2 Rae8 24. Rf6 Nd7 25. R6f2 Qe7 26. Rb1 Nc5 27. Rff1 Qg5 28. b4 axb3 29. axb3 Ra8 30. b4 Na4 31. Qe1 b5 32.
cxb5 Nb6 33. Bh1 Ra2+ 34. Rf2 Rfa8 35. Ne4 Qe7 36. Rbb2 Ra1 37. Rb1 R1a3 38. Rf6 Nxd5 39. Rf2 Nb6 40. Nf6 Ra2 41. Bxa8 Rxa8 42. Rf1 Ra2+ 43. Kh1 Ng2 44. Qg3 Re2 45. Ne4 Nxe3 46. Rf2 Rxf2 47. Qxf2 Ned5 48. Ra1 Nf4 49. Qf1 Nbd5 50.
Ra7 Ne3 51. Qf3 Ned5 52. d4 exd4 53. b6 g5 54. bxc7 Nxc7 55. Qd1 d5 56. Nf2 Qe5 57. Rxc7 Qxc7 58. Qxd4+ f6 59. Nd3 Nxh3 60. Qxd5 Qg3 61. Qd7+ Kf8 62. Qc8+ Kf7 63. Qd7+ Kf8 64. Qd8+ Kf7 65.
Qd7+ Kg6 66. Qf5+ Kg7 67. Qd7+ Kf8 68. Qd8+ Kf7 69. Qd7+ Kg8 70. Qd8+ Kg7 71. Qd7+ Kg6 72. Qf5+ Kg7 73. Qd7+ Kh8 74. Qd8+ Kh7 75. Qd7+ Kg8 76. Qd8+ Kh7 77. Qd7+ Kg6 1/2-1/2

[Event "*** Titled Tuesday 3|2 Blitz"]
[Site "Chess.com"]
[Date "2015.06.02"]
[Round "3"]
[White "TomsKantans"]
[Black "Krutoy123"]
[Result "0-1"]
[WhiteElo "2267"]
[BlackElo "2087"]
[TimeControl "180+2"]
[EndTime "11:36:45 PDT"]
[Termination "Krutoy123 won by resignation"]

1. e4 c5 2. Nf3 e6 3. g3 Nc6 4.
Bg2 d6 5. O-O Nf6 6. Qe2 Be7 7.
e5 dxe5 8. Nxe5 Nxe5 9. Qxe5 O-O 10. Nc3 Bd6 11. Qe2 a6 12. d3 h6 13. a4 Qc7 14.
a5 Bd7 15. Re1 Bc6 16. Bxc6 Qxc6 17. Na4 Rad8 18. Nb6 Bc7 19. Nc4 Rfe8 20. b3 Nd5 21. Bb2 f6 22. f4 Re7 23. Qg2 Rde8 24. Re2 Nb4 25. Qh3 Qd5 26. Rae1 Nc6 27. Bc3 Nd4 28. Bxd4 cxd4 29. Qg2 Qxg2+ 30. Kxg2 Kf7 31. Kf3 Rd7 32. f5 e5 33. Ke4 Red8 34. g4 Rd5 35. b4 Rb5 36. Rb1 Ke8 37. h4 Kf7 38. Rg2 b6 39. axb6 Bxb6 40. g5 hxg5 41. hxg5 Bc5 42. Rh1 Be7 43.
gxf6 Bxf6 44. Ra1 Rxb4 45. Rxa6 Rb1 46. Ra7+ Kg8 47. Re2 Rg1 48. Kf3 Rf1+ 49. Kg4 Rf4+ 50. Kg3 Rxf5 51. Ra5 Rb8 52. Nd6 Rf4 53. Ne4 Rb1 54. Nxf6+ gxf6 55. Ra7 Rg1+ 56. Kh3 Rf3+ 57. Kh2 Rg7 58. Rxg7+ Kxg7 59. Kg2 Rf4 60. Re1 Kg6 61. Rc1 Rg4+ 62. Kf3 Rh4 63. c4 Rh3+ 64. Ke2 Kf7 65. c5 Ke7 66. c6 Kd8 67. c7+ Kc8 68. Rc6 Re3+ 69. Kd2 f5 70. Rc5 f4 71. Rc6 f3 72. Rc1 Re2+ 73. Kd1 Rh2 74. Rc6 Rh1+ 75. Kd2 f2 0-1

[Event "*** Titled Tuesday 3|2 Blitz"]
[Site "Chess.com"]
[Date "2015.06.02"]
[Round "3"]
[White "Cruel_Yaro"]
[Black "GMNeiksans"]
[Result "1-0"]
[WhiteElo "2549"]
[BlackElo "2506"]
[TimeControl "180+2"]
[EndTime "11:36:56 PDT"]
[Termination "Cruel_Yaro won by resignation"]

1. e4 c5 2. Nf3 e6 3. c3 Nf6 4. Bd3 Nc6 5. Bc2 e5 6. O-O d6 7.
h3 Be7 8. d4 O-O 9. dxc5 dxc5 10. Qe2 h6 11. Nbd2 Qc7 12. Nc4 Be6 13. Ne3 Rfd8 14. Nf5 Bf8 15. Nh2 Kh7 16. Qf3 Ng8 17. Ng4 g6 18. Ng3 Bg7 19. h4 h5 20. Ne3 f6 21. Nd5 Qf7 22. Ne3 Nh6 23. Re1 Ng4 24. Nxg4 Bxg4 25. Qe3 Be6 26. Qxc5 Bh6 27. Bxh6 Kxh6 28.
Qe3+ Kg7 29. a3 Na5 30. Rac1 Nb3 31. Bxb3 Bxb3 32. f4 exf4 33. Qxf4 Qc4 34. Rf1 Qc5+ 35. Rf2 Qe5 36. Qxe5 fxe5 37. Nf1 a5 38. Nd2 Bg8 39. Nf3 a4 40. Nxe5 Re8 41. Nf3 Rxe4 42.
Rd2 Re7 43. Rcd1 Bb3 44. Rd7 Re8 45. R1d6 Kh6 46. Rxe7 Rxe7 47. Nd4 Re1+ 48. Kh2 Bc4 49. Nf5+ Kh7 50. Rd7+ Kh8 51. Ne7 b5 52. Nxg6+ Kg8 53. Rd2 Re4 54. g3 Re1 55. Nf4 Re5 56. Kg2 Kg7 57. Kf2 Kf6 58. Kf3 Kg7 59. Rd7+ Kh6 60. Rd6+ Kg7 61. Rg6+ Kf7 62. Rd6 Kg7 63. Rd2 Kf7 64.
Kf2 Kg7 65. Rd1 Kh6 66. Re1 Rf5 67. Re7 Rf6 68. Ke3 Rd6 69. Re5 Rd1 70. Rxh5+ Kg7 71. Rg5+ Kh6 72. Rg6+ Kh7 73. Rf6 Rb1 74. g4 Rxb2 75.
g5 Rb3 76. Rh6+ Kg8 77. Nh5 Rxc3+ 78. Kf4 Be2 79. Nf6+ Kg7 80. Rh7+ Kf8 81. g6 Bc4 82. g7+ 1-0

[Event "*** Titled Tuesday 3|2 Blitz"]
[Site "Chess.com"]
[Date "2015.06.02"]
[Round "3"]
[White "9ShMat2"]
[Black "Daniel_Fridman"]
[Result "1-0"]
[WhiteElo "2491"]
[BlackElo "2554"]
[TimeControl "180+2"]
[EndTime "11:37:27 PDT"]
[Termination "9ShMat2 won by resignation"]

1. e4 c6 2. d4 d5 3. f3 Qb6 4. Nc3 dxe4 5. fxe4 e5 6. Nf3 exd4 7. Qxd4 Qxd4 8. Nxd4 Bd6 9. Be3 Nf6 10. O-O-O Ng4 11. Bg1 g6 12. Kb1 Bb4 13. h3 Ne5 14. Be2 Bxc3 15.
bxc3 Be6 16. Bh2 Nbd7 17. Nxe6 fxe6 18. Bf4 h6 19. Rhf1 Ke7 20. h4 Rag8 21. g4 g5 22. Bg3 Rf8 23. Rh1 Rfg8 24. c4 c5 25. Kb2 Nf7 26. Rd3 Nde5 27. Ra3 Nc6 28. Bf2 b6 29. Rah3 Nd6 30. hxg5 Nxe4 31. Be3 Nxg5 32. Rxh6 Rxh6 33. Rxh6 Ne5 34. Rh1 Nef7 35. Rd1 Ne4 36. Rd3 Ned6 37. Ra3 a5 38. Bf4 e5 39. Bh2 Kd7 40. Re3 Rg5 41. Kc3 Nh6 42. Rxe5 Rxe5 43. Bxe5 Ne4+ 44. Kb2 Nf7 45. Bf4 Neg5 46. Bd3 Nh3 47.
Bf5+ Kc6 48. Bh2 Nh6 49. Be6 Ng5 50. Bd5+ Kd7 51. Bf4 Nhf7 52. Ka3 Nh3 53. Be3 Nd6 54.
g5 Ke7 55. Ka4 Nf5 56. Bd2 Nd6 57. g6 Kf6 58. Bc3+ Kxg6 59. Be5 Nf7 60. Bc7 Nf2 61.
Bxb6 Nd1 62. Bxc5 Nc3+ 63. Kxa5 Nxa2 64. Bd4 Nd6 65. c5 Nf5 66. Be4 Kg5 67. c6 Nd6 68. c7 Kf4 69. Bd5 Nc1 70. Bc5 Nc8 71.
Bb7 1-0

[Event "*** Titled Tuesday 3|2 Blitz"]
[Site "Chess.com"]
[Date "2015.06.02"]
[Round "3"]
[White "Lupul_Cenusiu"]
[Black "Danirod"]
[Result "1-0"]
[WhiteElo "2453"]
[BlackElo "2388"]
[TimeControl "180+2"]
[EndTime "11:37:43 PDT"]
[Termination "Lupul_Cenusiu won by resignation"]

1. d4 Nf6 2. Bg5 d5 3. Bxf6 exf6 4. e3 c6 5. c4 dxc4 6. Bxc4 Bd6 7.
Nf3 Nd7 8. Qc2 O-O 9. O-O f5 10. Bd3 g6 11. Nc3 Qe7 12. Rfe1 Nf6 13. Rad1 Be6 14. e4 fxe4 15. Nxe4 Nxe4 16. Bxe4 Qf6 17. d5 cxd5 18. Bxd5 Bf5 19. Qb3 Rab8 20. h3 h5 21. Nd4 Bd7 22. Nb5 Bc5 23. Bf3 Bc6 24. Rd3 Rfe8 25. Red1 Re2 26. Rd6 Rxb2 27. Rxf6 Rxb3 28. Bxc6 bxc6 29. axb3 cxb5 30. Rd7 Rf8 31. Rc6 Bb6 32. Rd5 Re8 33. Kf1 b4 34. Rc4 Kg7 35. Rxb4 Re6 36.
Rc4 Rf6 37. Rd2 Re6 38. b4 g5 39. g3 Kg6 40. Kg2 f6 41. h4 g4 42. Rdc2 Re5 43. Rc8 Rb5 44. Rb2 Rf5 45. b5 Rf3 46. Rc6 Rf5 47.
Rc4 Re5 48. Rb3 Rf5 49. Rf4 Rd5 50. Rb2 Re5 51. Rc2 Rxb5 52. Rc6 Rf5 53. Rxf5 Kxf5 54.
f3 gxf3+ 55. Kxf3 Kg6 56. g4 hxg4+ 57. Kxg4 Bd4 58. Rd6 Be5 59. h5+ Kh6 60. Ra6 Bd4 61. Ra5 Bb6 62. Rb5 Bd4 63. Rb8 Bb6 64. Kf5 Bd4 65. Rh8+ Kg7 66. Rd8 Be5 67. Rd7+ Kh6 68. Rxa7 Bd4 69. Re7 Be5 70. Re8 Bd4 71. Rh8+ Kg7 72.
Rd8 Be5 73. Kg4 Kh6 74. Rd5 Bc3 75. Rf5 Be5 76. Kf3 Kg7 77. Ke4 Kh6 78. Kd5 Bc3 79.
Ke6 Bd4 80. Kf7 Be5 81. Ke6 Bd4 82. Kd5 Be5 83. Ke4 Bb2 84. Kf3 Be5 85. Kg4 Kg7 86. Rf3 Kh6 87. Kf5 Bd4 88. Rh3 Be5 89. Rh1 Bd4 90.
Rd1 Be5 91. Rg1 Bd4 92. Rg8 Be5 93. Rd8 Bc3 94. Rh8+ Kg7 95. Rc8 Be5 96. Ke6 Kh6 97.
Rh8+ Kg7 98. Re8 Kh6 99. Kf5 Bc3 100. Rh8+ Kg7 101. Rc8 Be5 102. Rc2 Kh6 103. Rc1 Bd4 104. Rd1 Be5 105. Rh1 Bd4 106. Rh2 Be5 107. Rh3 Bd4 108. Rg3 Be5 109. Rg1 Bd4 110. Rg6+ Kxh5 111. Rg8 Kh4 112. Rg4+ Kh5 113. Rxd4 1-0

[Event "*** Titled Tuesday 3|2 Blitz"]
[Site "Chess.com"]
[Date "2015.06.02"]
[Round "4"]
[White "jcibarra"]
[Black "Tilicheev_Viacheslav"]
[Result "1/2-1/2"]
[WhiteElo "2538"]
[BlackElo "2426"]
[TimeControl "180+2"]
[EndTime "11:41:55 PDT"]
[Termination "Game drawn by agreement"]

1. e4 c5 2. c3 Nf6 3. e5 Nd5 4.
d4 cxd4 5. Nf3 Nc6 6. cxd4 d6 7.
Bc4 Nb6 8. Bb5 dxe5 9. Nxe5 Bd7 10. Nxd7 Qxd7 11. Nc3 Rd8 12. Be3 a6 13. Bxc6 Qxc6 14. O-O g6 15. Rc1 Bg7 16. Qb3 Nd5 17. Ne4 Qb5 18. Qxb5+ axb5 19. a3 O-O 20. Rc5 b4 21. axb4 Nxb4 22. Rb5 Nc2 23. Rxb7 Nxd4 24. Rxe7 Nf5 25.
Rb7 Rb8 1/2-1/2

[Event "*** Titled Tuesday 3|2 Blitz"]
[Site "Chess.com"]
[Date "2015.06.02"]
[Round "4"]
[White "Konavets"]
[Black "Dlugy"]
[Result "1-0"]
[WhiteElo "2443"]
[BlackElo "2548"]
[TimeControl "180+2"]
[EndTime "11:42:18 PDT"]
[Termination "Konavets won by resignation"]

1. e4 c5 2. Nf3 d6 3. d4 cxd4 4. Nxd4 Nf6 5. Nc3 Nc6 6. Bg5 e6 7. Qd3 a6 8. O-O-O Bd7 9. f4 Be7 10. Nf3 Qc7 11. e5 dxe5 12. fxe5 Ng4 13. Bxe7 Nxe7 14.
Qd4 h5 15. Ne4 Nf5 16. Nd6+ Qxd6 17. exd6 Nxd4 18. Rxd4 Bc6 19. h3 Bxf3 20. hxg4 Bxg4 21. Rxg4 g5 22. Rxg5 1-0

[Event "*** Titled Tuesday 3|2 Blitz"]
[Site "Chess.com"]
[Date "2015.06.02"]
[Round "4"]
[White "Lupul_Cenusiu"]
[Black "MITerryble"]
[Result "0-1"]
[WhiteElo "2446"]
[BlackElo "2522"]
[TimeControl "180+2"]
[EndTime "11:42:43 PDT"]
[Termination "MITerryble won by resignation"]

1. d4 e6 2. c4 Bb4+ 3. Nc3 f5 4. Bd2 Nf6 5. g3 Nc6 6. Nf3 d6 7. Bg2 Bxc3 8. Bxc3 Ne4 9. Qc2 O-O 10. Rd1 Ne7 11. O-O Ng6 12. b4 Nxc3 13. Qxc3 f4 14. c5 Bd7 15. Qb3 Qe8 16. Rd2 Ba4 17. Qb1 Bc6 18. Ng5 Bxg2 19. Kxg2 Rf5 20. Nf3 Qc6 21. Qb3 Re8 22. b5 Qe4 23. cxd6 cxd6 24. a4 fxg3 25. hxg3 Qg4 26. Nh2 Nh4+ 27. Kh1 Qh3 28. Qf3 Nxf3 0-1

[Event "*** Titled Tuesday 3|2 Blitz"]
[Site "Chess.com"]
[Date "2015.06.02"]
[Round "4"]
[White "Imre91"]
[Black "DanielNaroditsky"]
[Result "0-1"]
[WhiteElo "2551"]
[BlackElo "2556"]
[TimeControl "180+2"]
[EndTime "11:43:26 PDT"]
[Termination "DanielNaroditsky won by resignation"]

1. d4 Nf6 2. Nf3 d5 3. c4 e6 4. g3 Bb4+ 5. Bd2 Bd6 6. Bg2 c6 7. Qc2 Nbd7 8. O-O O-O 9. Rd1 Ne4 10.
Nc3 f5 11. Rab1 b6 12. b4 b5 13. c5 Bc7 14. a4 a6 15. Bf4 Bxf4 16. gxf4 Kh8 17.
Rb3 bxa4 18. Nxa4 Qc7 19. Ne5 Nef6 20. Nc3 Rb8 21. Ra1 Nxe5 22. fxe5 Nh5 23. Qd2 Qe7 24. Nd1 g5 25. e3 g4 26. f4 gxf3 27. Bxf3 Rg8+ 28. Kh1 Qh4 29. Bxh5 Qe4+ 0-1

[Event "*** Titled Tuesday 3|2 Blitz"]
[Site "Chess.com"]
[Date "2015.06.02"]
[Round "4"]
[White "VovAn1991"]
[Black "Ar4uha"]
[Result "1-0"]
[WhiteElo "2470"]
[BlackElo "2444"]
[TimeControl "180+2"]
[EndTime "11:43:30 PDT"]
[Termination "VovAn1991 won by checkmate"]

1. e4 c5 2. Nf3 d6 3. d4 cxd4 4. Nxd4 Nf6 5. Nc3 a6 6. Be3 e5 7. Nb3 Be6 8. h3 h5 9. Qd2 Nbd7 10. O-O-O Qc7 11. f4 g6 12. Kb1 Bg7 13. Qxd6 Qxd6 14. Rxd6 exf4 15. Bxf4 O-O 16. Nd4 Ne8 17. Nxe6 Nxd6 18.
Nxf8 Bxf8 19. Bd3 Nc5 20. e5 Nxd3 21. cxd3 Nf5 22. g4 hxg4 23. hxg4 Nd4 24. Nd5 Bg7 25.
Bg5 Ne6 26. Nf6+ Kf8 27. Be3 Rd8 28. d4 Nxd4 29. Rd1 Ne6 30. Rxd8+ Nxd8 31. Bc5# 1-0

[Event "*** Titled Tuesday 3|2 Blitz"]
[Site "Chess.com"]
[Date "2015.06.02"]
[Round "4"]
[White "zmaj23"]
[Black "Daniel_Fridman"]
[Result "1-0"]
[WhiteElo "2422"]
[BlackElo "2535"]
[TimeControl "180+2"]
[EndTime "11:43:36 PDT"]
[Termination "zmaj23 won by resignation"]

1. e4 c6 2. Nc3 d5 3. Nf3 Bg4 4. h3 Bh5 5. exd5 cxd5 6. g4 Bg6 7. Bb5+ Nc6 8. Ne5 Rc8 9. d4 e6 10.
h4 f6 11. Nxg6 hxg6 12. Qd3 Kf7 13. h5 gxh5 14. gxh5 Nge7 15. Bxc6 Rxc6 16. Ne2 Qd7 17. Nf4 Kg8 18. Bd2 e5 19. Ng6 Nxg6 20. Qxg6 Qf7 21.
O-O-O Qxg6 22. hxg6 Rxh1 23. Rxh1 exd4 24. Rh5 d3 25. c3 d4 26. Rd5 dxc3 27. Bxc3 f5 28. Rd8 Rxg6 29. Bb4 Rf6 30. Kd2 g5 31. Kxd3 g4 32. Kd4 f4 33. Ke5 Rf7 34. Bxf8 1-0

[Event "*** Titled Tuesday 3|2 Blitz"]
[Site "Chess.com"]
[Date "2015.06.02"]
[Round "4"]
[White "Yaacovn"]
[Black "Tirantes"]
[Result "0-1"]
[WhiteElo "2537"]
[BlackElo "2182"]
[TimeControl "180+2"]
[EndTime "11:43:37 PDT"]
[Termination "Tirantes won by resignation"]

1. d4 d5 2. Nf3 Nf6 3. c4 e6 4. Nc3 Be7 5. Bg5 O-O 6. e3 h6 7.
Bh4 b6 8. cxd5 Nxd5 9. Bxe7 Qxe7 10. Rc1 Bb7 11. Bc4 Nd7 12. Bxd5 exd5 13. O-O Rfd8 14. Qb3 Nf6 15. Ne5 c5 16. Qa3 Kf8 17. Na4 Rac8 18.
f4 cxd4 19. Qxe7+ Kxe7 20. exd4 Ne4 21. f5 f6 22. Ng6+ Kd6 23. Nf4 Re8 24. Rfe1 Re7 25. Rxc8 Bxc8 26. Nc3 Bxf5 27. Ncxd5 Re8 28. Ne3 Bh7 29.
Nc4+ Kd7 30. d5 Nd6 31. Rxe8 Nxe8 32. Kf2 Bg8 33. Ne3 Kd6 34. Kf3 Ke5 35. Nf5 Kxf5 0-1

[Event "*** Titled Tuesday 3|2 Blitz"]
[Site "Chess.com"]
[Date "2015.06.02"]
[Round "4"]
[White "Malev212"]
[Black "patzerplay"]
[Result "1-0"]
[WhiteElo "2221"]
[BlackElo "2174"]
[TimeControl "180+2"]
[EndTime "11:43:51 PDT"]
[Termination "Malev212 won by resignation"]

1. Nf3 Nf6 2. b3 g6 3. Bb2 Bg7 4. g3 O-O 5. Bg2 d5 6. c4 e6 7. O-O c5 8. e3 b6 9. Nc3 Bb7 10. Rc1 Nc6 11. cxd5 exd5 12. d4 Qe7 13. Ne2 Rfd8 14.
Re1 Rac8 15. Nf4 Ne4 16. Qe2 a5 17. dxc5 bxc5 18. Bxg7 Kxg7 19. Red1 Nb4 20. a3 Na6 21. Qb5 Qc7 22. h4 Nf6 23. Ng5 Rd6 24. e4 dxe4 25.
Rxd6 Qxd6 26. Qxb7 Rb8 27. Qxf7+ Kh8 28. Nfe6 1-0

[Event "*** Titled Tuesday 3|2 Blitz"]
[Site "Chess.com"]
[Date "2015.06.02"]
[Round "4"]
[White "ilmago"]
[Black "redchessman"]
[Result "1-0"]
[WhiteElo "1870"]
[BlackElo "2111"]
[TimeControl "180+2"]
[EndTime "11:44:06 PDT"]
[Termination "ilmago won by resignation"]

1. e4 e5 2. Nf3 Nc6 3. c3 d5 4.
Bb5 f6 5. Qa4 Ne7 6. exd5 Qxd5 7. O-O Bd7 8. d3 a6 9. Bc4 Qd6 10. Qb3 O-O-O 11. Qc2 Be6 12. Bxe6+ Qxe6 13. b4 g5 14. a4 g4 15. Nfd2 Bh6 16. b5 Nb8 17. Ne4 Bxc1 18. Rxc1 h5 19. Na3 f5 20. Nc5 Qb6 21. d4 h4 22. Nc4 Qg6 23. Nxe5 Qf6 24.
bxa6 Nxa6 25. Nxa6 bxa6 26. Rab1 g3 27. Qb3 gxf2+ 28.
Kxf2 Qb6 29. Qxb6 1-0

[Event "*** Titled Tuesday 3|2 Blitz"]
[Site "Chess.com"]
[Date "2015.06.02"]
[Round "4"]
[White "facu57"]
[Black "amandarm"]
[Result "1-0"]
[WhiteElo "2197"]
[BlackElo "2081"]
[TimeControl "180+2"]
[EndTime "11:44:22 PDT"]
[Termination "facu57 won by resignation"]

1. e4 c5 2. Nc3 e6 3. g3 Nc6 4. Bg2 g6 5. d3 Bg7 6. f4 Nge7 7. Nf3 O-O 8. O-O d5 9. e5 d4 10. Ne4 Nd5 11. Nxc5 Bd7 12. Nxb7 Qb6 13. Nd6 Rfd8 14. Nc4 Qc5 15. Qe2 Rac8 16. Ng5 Ncb4 17. Ne4 Qc6 18.
Ned6 Rb8 19. a3 Na6 20. b4 Qa4 21. g4 Naxb4 22. f5 Nxc2 23. Ra2 Nce3 24. Bxe3 dxe3 25. Bxd5 exd5 26. Nxe3 Bxe5 27. fxg6 Bxd6 28. gxf7+ Kf8 29. Kh1 Rb6 30. Qf2 Bc6 31. Qf6 d4+ 32. Kg1 dxe3 33.
Qxd8+ Kg7 34. Qg5+ Kf8 35. Qg8+ Ke7 36. f8=Q+ 1-0

[Event "*** Titled Tuesday 3|2 Blitz"]
[Site "Chess.com"]
[Date "2015.06.02"]
[Round "4"]
[White "pedromartinez91"]
[Black "Tal-Baronfew"]
[Result "0-1"]
[WhiteElo "2127"]
[BlackElo "2651"]
[TimeControl "180+2"]
[EndTime "11:44:30 PDT"]
[Termination "Tal-Baronfew won by resignation"]

1. Nf3 Nf6 2. g3 c5 3. Bg2 Nc6 4. O-O e5 5. c4 d5 6. cxd5 Nxd5 7. Nc3 Nc7 8. d3 Be7 9. Nd2 O-O 10. Nc4 f6 11. a4 Be6 12. a5 Qd7 13. Qa4 Rab8 14. Be3 Rfd8 15. Rfc1 Nd4 16. Qxd7 Rxd7 17.
Bxd4 exd4 18. Ne4 f5 19. Ned2 Bf6 20. Nf3 Re7 21. Nce5 Na6 22. Nc4 Bxc4 23. Rxc4 Rxe2 24. Rb1 b5 25. axb6 axb6 26. Bf1 Re7 27. Bh3 g6 28. g4 fxg4 29. Bxg4 Nb4 30. Rd1 h5 31. Bh3 Rbe8 32. Bf1 g5 33. Nd2 Re1 34. Rxe1 Rxe1 35. Ne4 Be7 36. Kg2 g4 37. f4 gxf3+ 38. Kf2 Rb1 39. Bh3 b5 40. Be6+ Kf8 41. Rxc5 Nxd3+ 42. Kxf3 Nxc5 0-1

[Event "*** Titled Tuesday 3|2 Blitz"]
[Site "Chess.com"]
[Date "2015.06.02"]
[Round "4"]
[White "chesswooog"]
[Black "SGQ"]
[Result "1-0"]
[WhiteElo "2043"]
[BlackElo "1929"]
[TimeControl "180+2"]
[EndTime "11:44:33 PDT"]
[Termination "chesswooog won by checkmate"]

1. e4 c5 2. d4 cxd4 3. c3 dxc3 4. Nxc3 e6 5. Nf3 a6 6. a4 Nc6 7. Bc4 Bb4 8. O-O Nge7 9. Bf4 O-O 10. Qe2 Ng6 11. Bg3 Qa5 12. Rfd1 Bxc3 13. bxc3 Qxc3 14. h4 e5 15. h5 Nf4 16. Bxf4 exf4 17. h6 gxh6 18.
e5 Re8 19. Rac1 Qa5 20. Rd5 Qxa4 21. Qe4 Ne7 22. Rd6 Ng6 23. Rxg6+ hxg6 24. Qxg6+ Kh8 25. Qxh6+ Kg8 26. Qg6+ Kh8 27. Bxf7 Re6 28. Qg8# 1-0

[Event "*** Titled Tuesday 3|2 Blitz"]
[Site "Chess.com"]
[Date "2015.06.02"]
[Round "4"]
[White "RitvarsReimanis"]
[Black "GasconJR"]
[Result "1-0"]
[WhiteElo "2354"]
[BlackElo "2294"]
[TimeControl "180+2"]
[EndTime "11:44:45 PDT"]
[Termination "RitvarsReimanis won on time"]

1. d4 Nf6 2. c4 g6 3. Nc3 Bg7 4. e4 O-O 5. h3 d6 6. Nf3 e5 7.
d5 a5 8. Bg5 h6 9. Be3 Na6 10.
Be2 Nd7 11. g4 Ndc5 12. a3 f5 13. gxf5 gxf5 14. exf5 Bxf5 15. Rg1 Kh7 16. h4 a4 17.
Nxa4 Nxa4 18. Qxa4 Nc5 19. Qd1 c6 20. Rc1 e4 21.
Nd4 Qxh4 22. Nxf5 Rxf5 23. dxc6 Raf8 24. Qxd6 Rxf2 25. Qg6+ 1-0

[Event "*** Titled Tuesday 3|2 Blitz"]
[Site "Chess.com"]
[Date "2015.06.02"]
[Round "4"]
[White "lorcho"]
[Black "megarompa"]
[Result "1/2-1/2"]
[WhiteElo "2421"]
[BlackElo "2702"]
[TimeControl "180+2"]
[EndTime "11:45:02 PDT"]
[Termination "Game drawn by agreement"]

1. e4 e5 2. Nf3 Nc6 3. Nc3 Nf6 4. g3 Bc5 5. Bg2 d6 6. O-O O-O 7. d3 a6 8. h3 h6 9. Be3 Bxe3 10. fxe3 d5 11. Nh4 d4 12. Nd5 Nxd5 13. exd5 Ne7 14. e4 c6 15. dxc6 bxc6 16. Rf2 Rb8 17. b3 Be6 18.
Kh2 Qd7 19. Qd2 c5 20. Raf1 Kh7 21. a4 f6 22. Nf5 Bxf5 23. exf5 Nd5 24. Bxd5 Qxd5 25.
Qe2 Rb7 26. Re1 Kg8 27. g4 Qd6 28. Qe4 Rfb8 29. h4 Rf7 30. g5 hxg5 31. hxg5 Kf8 32. Kg3 Ke7 33. Rh1 Qd7 34. Rh7 Kd6 35. g6 Rff8 36.
Rfh2 Rfe8 37. Kf3 Rg8 38. Kg4 Rge8 39. R2h3 Rg8 40. Rh1 Rge8 41. R1h2 Rg8 42. Qe1 Qb7 43. Qh1 Qxh1 44. Rxh1 Kd5 45. Kf3 Rbd8 46. R1h4 Rb8 47. Rh3 Rbc8 48. R3h4 Rcd8 49. Rh3 Rde8 50. R3h4 Ref8 51. Rh3 Rd8 52. R3h4 Rc8 53. Rh3 Rb8 54. R3h4 Rbd8 55. Rh3 Rc8 56. R3h4 Rcd8 57. Rh3 Rc8 58. R3h4 Rcd8 59. Rh3 Rb8 60. R3h4 Ra8 61. Rh3 1/2-1/2

[Event "*** Titled Tuesday 3|2 Blitz"]
[Site "Chess.com"]
[Date "2015.06.02"]
[Round "4"]
[White "pKiLz5Rn9b"]
[Black "PowerThinking2650"]
[Result "1-0"]
[WhiteElo "2326"]
[BlackElo "2077"]
[TimeControl "180+2"]
[EndTime "11:45:06 PDT"]
[Termination "pKiLz5Rn9b won by resignation"]

1. e4 e5 2. Nf3 Nc6 3. Bc4 Nf6 4. d3 Be7 5. c3 O-O 6. Bb3 d6 7. h3 Na5 8. Bc2 c5 9. Nbd2 Nc6 10. Nf1 Re8 11.
Ng3 Bf8 12. O-O h6 13. Be3 d5 14. exd5 Nxd5 15. Bd2 f5 16. Re1 g6 17. Bb3 Bg7 18.
Ne4 b6 19. Bxh6 fxe4 20. Bg5 exf3 21. Bxd8 Rxd8 22. Qxf3 Be6 23. Rad1 Na5 24. Bxd5 Bxd5 25. Qg3 Bf7 26. Re4 Nc6 27. h4 Kf8 28. Rg4 Bh6 29.
Re1 Rd6 30. Rxe5 Nxe5 31. Qxe5 Rad8 32. Qh8+ Ke7 33. Qxh6 Rxd3 34. Re4+ 1-0

[Event "*** Titled Tuesday 3|2 Blitz"]
[Site "Chess.com"]
[Date "2015.06.02"]
[Round "4"]
[White "Carolina-moon"]
[Black "FearNoEvil12"]
[Result "0-1"]
[WhiteElo "1982"]
[BlackElo "1973"]
[TimeControl "180+2"]
[EndTime "11:45:10 PDT"]
[Termination "FearNoEvil12 won by resignation"]

1. e4 a6 2. a4 b6 3. d4 Bb7 4. Nc3 Nf6 5. Bd3 e6 6. Qe2 d6 7. Nf3 Nbd7 8. O-O h6 9. Re1 g5 10. h3 Rg8 11. e5 Nd5 12. Nxd5 Bxd5 13. c4 Bb7 14. exd6 cxd6 15. d5 e5 16. Nd4 Nc5 17. Nf5 Bc8 18. b4 Nxd3 19. Qxd3 Bxf5 20. Qxf5 Qd7 21.
Qd3 Rc8 22. Be3 g4 23. h4 g3 24. c5 gxf2+ 25. Bxf2 Qg4 26. g3 bxc5 27. bxc5 Be7 28. Re4 Qh3 29. cxd6 Bxd6 30. Rae1 f6 31. Qxa6 Rxg3+ 32. Bxg3 Qxg3+ 33. Kh1 Rc2 34. R4e2 Qh3+ 35. Kg1 Bc5+ 0-1